 Dungeon Crawl Stone Soup version 0.29-a0-337-g68df138881 (webtiles) character file.

Game seed: 18391200250231608567

115 avis the Ruffian (level 5, 0/47 HPs)
             Began as a Hill Orc Monk on Apr 17, 2022.
             Was a Believer of Beogh.
             Splashed by a jelly's acid (6 damage)
             ... on level 4 of the Dungeon.
             The game lasted 00:10:46 (3850 turns).

avis the Ruffian (Hill Orc Monk)                    Turns: 3850, Time: 00:10:49

Health: 0/47       AC: -8    Str: 16    XL:     5   Next: 0%
Magic:  5/5        EV: 12    Int: 10    God:    Beogh [**....]
Gold:   243        SH:  0    Dex: 13    Spells: 4/4 levels left

rFire   . . .      SeeInvis .   a - +9 mace of Upheaval {vamp, rElec rPois Stlth-}
rCold   . . .      Faith    .   (no shield)
rNeg    . . .      Spirit   .   k - +0 leather armour
rPois   +          Reflect  .   (no helmet)
rElec   +          Harm     .   w - +0 cloak
rCorr   .          Rampage  .   (no gloves)
Will    .....                   (no boots)
Stlth   +.........              (no amulet)
HPRegen 0.15/turn               (no ring)
MPRegen 0.09/turn               (no ring)

@: corroded
A: no striking features
a: Renounce Religion, Smiting


You were on level 4 of the Dungeon.
You worshipped Beogh.
Beogh was pleased with you.
You visited 1 branch of the dungeon, and saw 4 of its levels.

You collected 243 gold pieces.

Inventory:

Hand Weapons
 a - the +9 mace of Upheaval (weapon) {vamp, rElec rPois Stlth-}
   (You found it on level 4 of the Dungeon)

   It occasionally heals its wielder for a portion of the damage dealt when it
   wounds a living foe.
   rElec:     It insulates you from electricity.
   rPois:     It protects you from poison.
   Stlth:     It makes you less stealthy.
 b - a +0 hunting sling
 o - a +2 quarterstaff of chaos
 y - a +0 trident
 A - the +5 dagger of the Enchanted Forest {drain, rF++ rN++ Int+3}
   (You found it on level 2 of the Dungeon)

   A truly terrible weapon, it drains the life of any living foe it strikes.
   Int:       It affects your intelligence (+3).
   rF:        It greatly protects you from fire.
   rN:        It greatly protects you from negative energy.
 C - a +0 trident
Missiles
 e - 103 stones (quivered)
 l - 4 poisoned darts
Armour
 k - a +0 leather armour (worn)
 m - a +0 robe
 p - a +0 chain mail
 w - a +0 cloak (worn)
Scrolls
 c - 2 scrolls of enchant armour {unknown}
 f - a scroll of immolation {unknown}
 g - 2 scrolls of fog {unknown}
 h - a scroll of magic mapping {unknown}
 i - a scroll of holy word {unknown}
 n - a scroll of noise {unknown}
 q - 2 scrolls of identify {unknown}
 t - 3 scrolls of vulnerability {unknown}
 x - a scroll of teleportation {unknown}
 B - a scroll of fear {unknown}
Potions
 d - 4 potions of degeneration {unknown}
 j - 3 potions of curing {unknown}
 r - a potion of ambrosia
 s - 2 potions of might {unknown}
 u - a potion of brilliance {unknown}
 v - a potion of cancellation {unknown}
 z - 2 potions of heal wounds


   Skills:
 + Level 4.7 Fighting
 - Level 2.4 Dodging
 - Level 1.5 Stealth
 * Level 5.3 Unarmed Combat
 + Level 0.2 Invocations


You had 4 spell levels left.
You didn't know any spells.
Your spell library contained the following spells:

 Spells                   Type           Power      Damage    Failure   Level
 Animate Skeleton         Necr           0%         N/A       43%         1
 Apportation              Tloc           0%         N/A       43%         1
 Freeze                   Ice            0%         1d3       43%         1
 Summon Small Mammal      Summ           0%         N/A       43%         1
 Frozen Ramparts          Ice            0%         1d2       80%         3
 Inner Flame              Hex/Fire       0%         N/A       80%         3
 Cause Fear               Hex            0%         N/A       99%         4
 Hailstorm                Conj/Ice       0%         3d3       99%         4
 Discord                  Hex            0%         N/A       100%        8


Dungeon Overview and Level Annotations

Branches:
Dungeon (4/15)
 Temple: D:4-7

Altars:
Gozag
Nemelex Xobeh
Qazlal
Wu Jian

Shops:
D:4 ?


Message History

There is an open door here.
There is an open door here.
You closely miss the hobgoblin.
The hobgoblin hits you but does no damage.
You barely miss the hobgoblin. The hobgoblin misses you.
The hobgoblin hits you but does no damage.
You sock the hobgoblin!
You kill the hobgoblin!
Beogh accepts your kill. The quokka completely misses you.
You sock the quokka!
You kill the quokka!
Beogh accepts your kill.
You hit the orc. You punch the orc.
You kill the orc!
Beogh accepts your kill.
You have reached level 5!
You feel stronger.
Things that are here:
a +0 club; an orc corpse; a quokka corpse
There is an open door here.
A jelly comes into view.
The jelly quivers.
You see here 16 gold pieces.
You now have 243 gold pieces (gained 16).
You sock the jelly! The acid corrodes you!
Your hands burn!
The jelly is heavily wounded.
The jelly hits you. The acid corrodes you!
You are splashed with acid!
You thump the jelly! The acid corrodes you!
Your hands burn!
The jelly is severely wounded.
The jelly hits you.
You are splashed with acid!
The jelly hits you.
You are splashed with acid!
* * * LOW HITPOINT WARNING * * *
You hit the jelly.
You feel better.
Your hands burn!
* * * LOW HITPOINT WARNING * * *
The jelly is severely wounded.
The jelly hits you.
* * * LOW HITPOINT WARNING * * *
You are splashed with acid.
You die...

...............
##...##.#########.#####
##.###.# #............
######.###............
#........#..........
#.######.#......8..
#.#....##.## .
#)#....#J).#....
#.'...8.@8..8...
###....#.?.#.... ##
#....##.## . ..
#......8.. ##
#..........
#............
#............
#######+#####


You could see a jelly.

Vanquished Creatures
  Crazy Yiuf (D:3)
  An orc wizard (D:4)
  An adder (D:2)
  2 worms (D:2)
  2 dart slugs
  4 orcs
  6 ball pythons
  4 bats
  7 endoplasms
  6 giant cockroaches
  4 goblins
  4 hobgoblins
  4 jackals (D:1)
  2 quokkas
  3 frilled lizards
  5 kobolds
  2 rats (D:1)
58 creatures vanquished.

Vanquished Creatures (others)
  An orc priest (D:4)
1 creature vanquished.

Grand Total: 59 creatures vanquished

Notes
Turn   | Place    | Note
-------+----------+-------------------------------------------
     0 | D:1      | avis the Hill Orc Monk began the quest for the Orb.
     0 | D:1      | Reached XP level 1. HP: 19/19 MP: 1/1
   446 | D:1      | Reached XP level 2. HP: 20/27 MP: 2/2
   568 | D:1      | Found a faded altar of an unknown god.
   747 | D:1      | Reached skill level 4 in Unarmed Combat
   887 | D:1      | Reached XP level 3. HP: 24/33 MP: 3/3
  1669 | D:2      | Identified the +5 dagger of the Enchanted Forest {drain,
                  | rF++ rN++ Int+3}
  2040 | D:2      | Reached XP level 4. HP: 40/41 MP: 4/4
  2416 | D:3      | Found a stormy altar of Qazlal.
  2416 | D:3      | Found an opulent altar of Gozag.
  2416 | D:3      | Found an ornate altar of the Wu Jian Council.
  3057 | D:3      | Found a runed translucent door.
  3058 | D:3      | Noticed Crazy Yiuf
  3069 | D:3      | Killed Crazy Yiuf
  3070 | D:3      | Reached skill level 5 in Unarmed Combat
  3546 | D:4      | Became a worshipper of Beogh the Brigand
  3546 | D:4      | Reached * piety under Beogh
  3546 | D:4      | Reached ** piety under Beogh
  3669 | D:4      | Found a sparkling altar of Nemelex Xobeh.
  3700 | D:4      | Identified the +9 mace of Upheaval {vamp, rElec rPois
                  | Stlth-}
  3797 | D:4      | Found Kion's Magic Scroll Shoppe.
  3839 | D:4      | Reached XP level 5. HP: 47/47 MP: 5/5
  3850 | D:4      | Splashed by a jelly's acid

Illustrated notes

Levels and vault maps discovered:
D:1:      lightli_arrival_flooded_house, layout_loops_ring,
          dreamdust_ecumenical_altar_grove, patterned_corridor
D:2:      layout_rooms
D:3:      layout_basic, gammafunk_temple_overflow_forgotten,
          uniq_crazy_yiuf_cottage
D:4:      layout_loops_corners, amcnicky_altar_gilded, serial_shops,
          nicolae_shop_advertising_works [nicolae_subvault_shop_adworks],
          mrwooster_statue_mirror, minmay_misc_feat_tiny,
          kennysheep_generic_room_2, uniq_menkaure

Skill      XL: |  1  2  3  4 |
---------------+-------------+-----
Fighting       | 4 |  4.7
Unarmed Combat | 4 5 |  5.3
Dodging        | |  2.4
Stealth        | |  1.5
Invocations    | |  0.2

Action                   |  1- 3 |  4- 6 || total
-------------------------+-------+-------++-------
Melee: Unarmed           |    93 |       ||    93
       Dagger            |    19 |    38 ||    57
       Punch             |     1 |     2 ||     3
       Mace              |       |    10 ||    10
Invok: Convert to Beogh  |       |     1 ||     1
  Use: Potion            |       |     1 ||     1
 Stab: Sleeping          |     3 |     2 ||     5
Armor: Robe              |     6 |       ||     6
       Leather armour    |     4 |     6 ||    10
Dodge: Dodged            |    53 |    21 ||    74

Table legend: (Time is in decaauts)
 A = Elapsed time spent in this place.
 B = Non-inter-level travel time spent in this place.
 C = Inter-level travel time spent in this place.
 D = Time resting spent in this place.
 E = Time spent auto-exploring this place.
 F = Levels seen in this place.
 G = Mean time per level.
                   A        B        C        D        E       F      G
               +--------+--------+--------+--------+--------+-----+--------+
         Total |   3853 |   3535 |    318 |    767 |   2118 |   4 |  963.2 |
       Dungeon |   3853 |   3535 |    318 |    767 |   2118 |   4 |  963.2 |
               +--------+--------+--------+--------+--------+-----+--------+

Top non-repeatable levels by time:
     D:1: 1575 daAuts
     D:3: 1279 daAuts
     D:2: 600 daAuts
     D:4: 397 daAuts
